 Seeded DCSS version 0.30-a0-879-ga8ba668304 (webtiles) character file.

Game seed: 20230313 (custom seed)

1684 bmack86 the Cleaver (level 8, -2/71 HPs)
             Began as a Minotaur Fighter on Mar 13, 2023.
             Slain by a yak (12 damage)
             ... on level 6 of the Dungeon.
             The game lasted 00:15:30 (5042 turns).

bmack86 the Cleaver (Minotaur Fighter)              Turns: 5042, Time: 00:15:30

Health: -2/71      AC: 16    Str: 22    XL:     8   Next: 71%
Magic:  7/7        EV:  5    Int:  5    God:
Gold:   272        SH: 11    Dex: 17    Spells: 7/7 levels left

rFire   . . .      SeeInvis +    o - +2 war axe (spect)
rCold   . . .      Faith    .    n - +0 kite shield
rNeg    . . .      Spirit   .    x - +0 plate armour
rPois   .          Reflect  .    (helmet restricted)
rElec   .          Rampage  .    j - +0 cloak
rCorr   .                        u - +1 pair of gloves
Will    .....                    (no boots) Stlth
                                 (no amulet)
HPRegen 0.31/turn                E - ring of see invisible
MPRegen 0.10/turn                e - +6 ring of dexterity

@: mighty
A: horns 2, retaliatory headbutt
a: no special abilities


You were on level 6 of the Dungeon.
You visited 2 branches of the dungeon, and saw 7 of its levels.
You also visited: Sewer.

You collected 388 gold pieces.
You spent 116 gold pieces at shops.

Inventory:

Hand Weapons
 a - a +0 war axe
 o - a +2 spectral war axe (weapon)
Missiles
 l - 3 throwing nets
 m - 2 boomerangs (quivered)
Armour
 j - a +0 cloak (worn)
 n - a +0 kite shield (worn)
 p - a scarf of resistance
 u - a +1 pair of gloves (worn)
 x - a +0 plate armour (worn)
Jewellery
 e - a +6 ring of dexterity (right hand)
 q - a ring of fire
 r - a ring of wizardry
 E - a ring of see invisible (left hand)
Wands
 h - a wand of iceblast (3)
 t - a wand of flame (21)
 B - a wand of charming (7)
Scrolls
 i - 4 scrolls of teleportation
 v - a scroll of amnesia
 w - 2 scrolls of fog {unknown}
 y - a scroll of fear
 z - a scroll of magic mapping
 A - a scroll of enchant weapon {unknown}
 F - a scroll of identify
Potions
 b - a potion of attraction
 c - 2 potions of curing {unknown}
 d - a potion of might
 f - 2 potions of cancellation
 g - a potion of brilliance {unknown}
 k - 3 potions of mutation
 s - 2 potions of flight
 C - 2 potions of haste {unknown}
 D - 2 potions of resistance {unknown}
 G - a potion of invisibility {unknown}


   Skills:
 + Level 6.9 Fighting
 * Level 8.8 Axes
 - Level 1.0 Throwing
 + Level 6.9 Armour
 + Level 6.9 Shields


You had 7 spell levels left.
You didn't know any spells.
Your spell library contained the following spells:

 Spells                   Type           Power      Damage    Failure   Level
 Sting                    Tmut/Pois      0%         1d3       100%        1
 Poisonous Vapours        Pois/Air       0%         N/A       100%        2
 Olgreb's Toxic Radiance  Pois           0%         N/A       100%        4


Dungeon Overview and Level Annotations

Branches:
Dungeon (6/15)             Temple (1/1) D:4           Sewer (visited)

Altars:
Ashenzari
Cheibriados
Dithmenos
Fedhas
Gozag
Hepliaklqana
Kikubaaqudgha
Makhleb
Nemelex Xobeh
Ru
Sif Muna
Trog
Uskayaw
Vehumet
Wu Jian
Xom
Yredelemnul
The Shining One

Shops:
D:1 [

Annotations:
D:3 1 runed translucent door, cforsyth's ghost, amateur BaFi
Temple 2 transporters


Innate Abilities, Weirdness & Mutations

You have a pair of horns on your head.
You reflexively headbutt those who attack you in melee.


Message History

You slash the yak!
You hit the yak. x2; You block the yak's attack.
The yak gores you but does no damage. The yak barely misses you.
The yak gores you.
You hit the yak. Your headbutt misses the yak.
The yak is heavily wounded.
You slash the yak! x2; You hit the yak. The yak gores you but does no damage.
You block the yak's attack. The yak gores you but does no damage.
The yak snorts and paws the ground.
You block the yak's attack.
You barely miss the yak.
The yak is heavily wounded.
You slash the yak! You hit the yak but do no damage. You slash the yak!
The yak closely misses you. You furiously retaliate!
You headbutt the yak. The yak gores you but does no damage. The yak gores you!
The yak gores you but does no damage.
You slash the yak! You headbutt the yak!
The yak is almost dead.
You hit the yak. You barely miss the yak. You hit the yak.
Your +2 spectral war axe hits the yak.
The yak gores you but does no damage. You block the yak's attack.
The yak gores you but does no damage. You block the yak's attack.
The yak gores you but does no damage. The yak gores you.
* * * LOW HITPOINT WARNING * * *
You block the yak's attack. The yak barely misses you.
You feel very mighty all of a sudden. You block the yak's attack.
The yak gores you.
* * * LOW HITPOINT WARNING * * *
The yak gores you.
* * * LOW HITPOINT WARNING * * *
The yak gores you.
* * * LOW HITPOINT WARNING * * *
You hit the yak.
You kill the yak!
You hit the yak.
You kill the yak!
You slash the yak! You completely miss the yak.
Your +2 spectral war axe hits the yak.
The yak misses your +2 spectral war axe.
The yak gores you!
You die...

#### ######### #..# #...#_#.# #
##[# #...8.#.#.#.#. #.#
#....Y........ ##.#
#.....@Y§..... #..#
#...8.#(#.#.#. #..# .# #
#...#_### #..# .#. #...#####
#####.## ... ##......# #.#.#.#
#.# #....#.# #>....# #.#
#......######.### ####
#.######.............#####...
#####.............######.........


You could see 2 yaks and a friendly +2 spectral war axe (summoned).

Vanquished Creatures
  2 yaks (D:6)
  2 water moccasins
  A black bear (D:5)
  An ice beast (D:4)
  2 centaurs (D:6)
  3 ogres
  A bullfrog (D:6)
  A gnoll sergeant (D:5)
  4 scorpions
  2 jellies
  A sleepcap (D:4)
  A hound (D:6)
  An orc priest (D:5)
  An iguana (D:5)
  2 orc wizards
  Robin (D:2)
  5 gnolls (D:5)
  10 adders
  A shadow imp (D:6)
  A white imp (D:5)
  2 ufetubi
  4 worms
  4 dart slugs
  15 orcs
  8 ball pythons
  2 bats
  7 endoplasms
  6 hobgoblins
  5 jackals
  4 kobolds
  A frilled lizard (D:1)
  17 goblins
  7 rats
125 creatures vanquished.

Vanquished Creatures (others)
  11 fungi (D:4)
  4 toadstools (D:4)
15 creatures vanquished.

Grand Total: 140 creatures vanquished

Notes
Turn   | Place    | Note
-------+----------+-------------------------------------------
     0 | D:1      | bmack86 the Minotaur Fighter began the quest for the Orb.
     0 | D:1      | Reached XP level 1. HP: 19/19 MP: 0/0
    84 | D:1      | Found a faded altar of an unknown god.
    90 | D:1      | Reached XP level 2. HP: 27/27 MP: 1/1
   321 | D:1      | Reached skill level 3 in Axes
   372 | D:1      | Found Fulif's Armour Emporium.
   806 | D:1      | Bought a +0 kite shield for 58 gold pieces
   907 | D:2      | Noticed Robin
   922 | D:1      | Reached XP level 3. HP: 24/33 MP: 2/2
   973 | D:2      | Killed Robin
  1049 | D:2      | Reached XP level 4. HP: 40/40 MP: 3/3
  1171 | D:2      | Reached skill level 4 in Axes
  1466 | D:3      | Reached skill level 1 in Throwing
  1593 | D:3      | Reached XP level 5. HP: 43/47 MP: 4/4
  2243 | D:3      | Found a runed translucent door.
  2244 | D:3      | Noticed cforsyth's ghost (amateur BaFi)
  2316 | D:4      | Found a staircase to the Ecumenical Temple.
  2329 | D:5      | Entered Level 5 of the Dungeon
  2558 | D:5      | Reached skill level 5 in Axes
  2614 | D:5      | Reached XP level 6. HP: 55/55 MP: 5/5
  2666 | D:5      | Identified the +3 short sword of Ubor {flame, *Corrode rF+
                  | Int+3 Dex+2}
  2714 | D:5      | Reached skill level 5 in Fighting
  2714 | D:5      | Reached skill level 5 in Armour
  2714 | D:5      | Reached skill level 5 in Shields
  2840 | Temple   | Entered the Ecumenical Temple
  2840 | Temple   | Found a transporter.
  2840 | Temple   | Found a transporter.
  2842 | Temple   | Found a transporter.
  2842 | Temple   | Found a transporter.
  2903 | D:5      | Reached skill level 6 in Axes
  2906 | D:5      | Reached XP level 7. HP: 51/61 MP: 6/6
  3104 | D:4      | Found a blossoming altar of Fedhas.
  3221 | D:4      | Reached skill level 7 in Axes
  3562 | D:1      | Bought a +0 cloak for 58 gold pieces
  4261 | D:6      | Found a glowing drain.
  4270 | Sewer    | Entered a sewer
  4309 | Sewer    | Reached XP level 8. HP: 63/70 MP: 7/7
  4515 | D:6      | Reached skill level 8 in Axes
  5027 | D:6      | Found a basalt altar of Yredelemnul.
  5029 | D:6      | Found a radiant altar of Vehumet.
  5042 | D:6      | Slain by a yak

Illustrated notes

Levels and vault maps discovered:
D:1:      dpeg_arrival_arbitrary_a, layout_loops_ring,
          nicolae_ecumenical_snake_handling, serial_shops,
          nicolae_shop_waterfront, nicolae_figureground_sparkle
D:2:      layout_rooms, uniq_robin
D:3:      layout_basic, ebering_ghost_reflecting_pool, minmay_box_of_dots
D:4:      layout_loops_cross, mainiacjoe_overflow_cross_hatched,
          minmay_temple_entry_from_below_a, minmay_gold_behind_fungi
D:5:      layout_cave_pods, grunt_decor_fettered, nrook_uturn
D:6:      layout_loops_cross, minitemple, portal_sewer_entry_d
Temple:   hellmonk_temple_divided_pantheon

Skill      XL: |  1  2  3  4  5  6  7  8 |
---------------+-------------------------+-----
Axes           | 3 4 5 6 7 8 |  8.8
Fighting       | 4 5 6 |  6.9
Shields        | 4 5 6 |  6.9
Armour         | 4 5 6 |  6.9
Throwing       | 1 |  1.0

Action                     |  1- 3 |  4- 6 |  7- 9 || total
---------------------------+-------+-------+-------++-------
  Melee: War axe           |    57 |    73 |    83 ||   213
         Headbutt          |     9 |    14 |    19 ||    42
  Throw: Boomerang         |     6 |       |       ||     6
    Use: Scroll            |     1 |    10 |     5 ||    16
         Potion            |       |       |     1 ||     1
 Armour: Scale mail        |    27 |    28 |       ||    55
         Plate armour      |       |    23 |    42 ||    65
  Dodge: Dodged            |    35 |    30 |    17 ||    82
  Block: Buckler           |     5 |       |       ||     5
         Kite shield       |    19 |    54 |    51 ||   124

Table legend: (Time is in decaauts)
 A = Elapsed time spent in this place.
 B = Non-inter-level travel time spent in this place.
 C = Inter-level travel time spent in this place.
 D = Time resting spent in this place.
 E = Time spent auto-exploring this place.
 F = Levels seen in this place.
 G = Mean time per level.
                   A        B        C        D        E       F      G
               +--------+--------+--------+--------+--------+-----+--------+
         Total |   5150 |   4829 |    321 |     32 |   3083 |   8 |  643.8 |
       Dungeon |   4979 |   4658 |    321 |     32 |   2988 |   6 |  829.8 |
        Temple |     37 |     37 |      0 |      0 |      0 |   1 |   37.0 |
         Sewer |    133 |    133 |      0 |      0 |     94 |   1 |  133.0 |
               +--------+--------+--------+--------+--------+-----+--------+

Top non-repeatable levels by time:
     D:1: 1025 daAuts
     D:3: 904 daAuts
     D:5: 871 daAuts
     D:6: 851 daAuts
     D:4: 734 daAuts
     D:2: 592 daAuts
   Sewer: 133 daAuts
  Temple: 37 daAuts
